 Dungeon Crawl Stone Soup version 0.23-a0-844-gdc03e01 (console) character file.

36 bli the Ducker (level 3, -3/30 HPs)
             Began as a Merfolk Monk on Jan 26, 2019.
             Slain by a worm (9 damage)
             ... on level 2 of the Dungeon.
             The game lasted 00:02:40 (1037 turns).

bli the Ducker (Merfolk Monk)                       Turns: 1037, Time: 00:02:41

Health: -3/30      AC:  8    Str: 11    XL:     3   Next: 37%
Magic:  3/3        EV: 11    Int:  9    God:
Gold:   63         SH:  0    Dex: 17    Spells: 2/2 levels left

rFire    . . .     SeeInvis .   a - +0 falchion
rCold    . . .     Gourm    .   (no shield)
rNeg     . . .     Faith    .   h - +0 scale mail (curse)
rPois    .         Spirit   .   p - +0 helmet (curse)
rElec    .         Reflect  .   n - +0 cloak
rCorr    .         Harm     .   (no gloves)
MR       .....                  (no boots)
Stlth    +.........             (no amulet)
HPRegen  0.10/turn              (no ring)
MPRegen  0.08/turn              (no ring)

@: no status effects
A: change form in water, swift swim, stealthy swim
a: no special abilities


You were on level 2 of the Dungeon.
You were hungry.

You visited 1 branch of the dungeon, and saw 2 of its levels.

You collected 63 gold pieces.

Inventory:

Hand Weapons
 a - a +0 falchion (weapon)
Missiles
 d - 96 stones (quivered)
 r - 3 javelins
Armour
 b - a +0 robe
 h - a cursed +0 scale mail (worn)
 m - a +0 cloak
 n - a +0 cloak (worn)
 p - a cursed +0 helmet (worn)
Jewellery
 s - a +4 amulet of reflection
Scrolls
 g - a scroll of amnesia {unknown}
 l - a scroll of enchant armour {unknown}
 o - a scroll of blinking {unknown}
 q - 2 scrolls of magic mapping {unknown}
Potions
 e - a potion of curing {unknown}
 f - a potion of haste {unknown}
 i - a potion of berserk rage {unknown}
 k - a potion of brilliance {unknown}
Comestibles
 c - 3 rations
 j - 16 chunks of flesh


   Skills:
 + Level 3.6 Fighting
 + Level 3.7 Long Blades
 * Level 5.0 Dodging
 - Level 2.1 Stealth


You had 2 spell levels left.
You didn't know any spells.
Your spell library was empty.

Dungeon Overview and Level Annotations

Branches:
Dungeon (2/15)

Altars:


Message History

The worm bites you.
You completely miss the worm.
The worm is moderately wounded.
The worm bites you.
You slash the worm!
The worm is heavily wounded.
You hit the worm but do no damage.
The worm is heavily wounded.
The worm bites you.
* * * LOW HITPOINT WARNING * * *
You hit the worm.
The worm is severely wounded.
The worm bites you but does no damage.
You are feeling hungry.
Your scale mail prevents you from hitting the worm.
The worm is severely wounded.
You hit the worm.
The worm is severely wounded.
The worm bites you!
You die...

#..# #.## ## ###.#
#. ... #...# #.
.....####.######.
#..............#)
#.######.#####.÷.
#.## #..#.....#.
####..####>...#####.
#..w......÷#### #.
#..@...)...# #.
#...^...)..# ##
#......)...#
#..........#
#..........#
#..........#
#..........#
############


You could see a worm.

Vanquished Creatures
  An adder (D:2)
  A worm (D:2)
  3 bats
  2 giant cockroaches
  6 goblins
  4 hobgoblins
  A ball python (D:2)
  A frilled lizard (D:2)
  2 kobolds
21 creatures vanquished.

Notes
Turn   | Place    | Note
-------+----------+-------------------------------------------
     0 | D:1      | bli the Merfolk Monk began the quest for the Orb.
     0 | D:1      | Reached XP level 1. HP: 18/18 MP: 1/1
   421 | D:1      | Reached XP level 2. HP: 21/24 MP: 2/2
   874 | D:2      | Reached XP level 3. HP: 19/29 MP: 3/3
  1002 | D:2      | Reached skill level 5 in Dodging
  1037 | D:2      | Slain by a worm

Vault maps used:
D:1:      saegor_arrival_simple_a
D:2:      grunt_temple_overflow_diamond

Skill      XL: |  1  2  3 |
---------------+----------+-----
Dodging        | 5 |  5.0
Fighting       | |  3.6
Long Blades    | |  3.7
Stealth        | |  2.1

Action                   || total
-------------------------++-------
Melee: Falchion          ||    76
 Stab: Sleeping          ||     3
Armor: Scale mail        ||    12
Dodge: Dodged            ||    34
       Rpst.: Falchion   ||    13

Table legend:
 A = Non-vault XP
 B = Vault XP
 C = Vault XP percentage of total XP
 D = Non-vault monster count
 E = Vault monster count
 F = Vault count percentage of total count
                 A         B        C        D         E       F
            +---------+---------+-------+---------+---------+-------
      Total |      52 |       0 |   0.0 |      21 |       0 |   0.0
            +---------+---------+-------+---------+---------+-------
        D:1 |      18 |       0 |   0.0 |      10 |       0 |   0.0
        D:2 |      34 |       0 |   0.0 |      11 |       0 |   0.0
            +---------+---------+-------+---------+---------+-------
